 Dungeon Crawl Stone Soup version 0.25-a0-942-g87a53962fc (webtiles) character file.

Game seed: 17144032399936151973, levelgen mode: classic

101 Amnesiac the Conjurer (level 4, 0/24 HPs)
             Began as a Deep Elf Wizard on May 7, 2020.
             Slain by a hound (4 damage)
             ... on level 4 of the Dungeon.
             The game lasted 00:03:44 (1520 turns).

Amnesiac the Conjurer (Deep Elf Wizard)             Turns: 1520, Time: 00:03:45

Health: 0/24       AC:  2    Str:  4    XL:     4   Next: 48%
Magic:  5/12       EV: 12    Int: 24    God:
Gold:   0          SH:  0    Dex: 13    Spells: 1/12 levels left

rFire    . . .     SeeInvis .   a - -3 short sword (curse)
rCold    . . .     Gourm    .   (no shield)
rNeg     . . .     Faith    .   c - +0 robe
rPois    .         Spirit   .   b - +0 hat
rElec    .         Reflect  .   (no cloak)
rCorr    .         Harm     .   (no gloves)
MR       .....                  (no boots)
Stlth    ++........             (no amulet)
HPRegen  0.08/turn              (no ring)
MPRegen  0.13/turn              (no ring)

@: very slightly contaminated, lightly drained
A: no striking features
a: no special abilities


You were on level 4 of the Dungeon.
You were hungry.

You visited 1 branch of the dungeon, and saw 4 of its levels.

Inventory:

Hand Weapons
 a - a cursed -3 short sword (weapon)
Armour
 b - a +0 hat (worn)
 c - a +0 robe (worn)
Scrolls
 e - a scroll of identify {!r}
Potions
 g - 2 potions of curing {!q}
Comestibles
 d - a ration


   Skills:
 - Level 2.4(2.1) Dodging
 + Level 2.6(2.3) Stealth
 + Level 4.6(4.3) Spellcasting
 * Level 4.6(4.3) Conjurations
 - Level 1.1(0.8) Summonings
 - Level 1.1(0.8) Translocations


You had one spell level left.
You knew the following spells:

 Your Spells              Type           Power        Failure   Level  Hunger
a - Magic Dart            Conj           ####         1%          1    None
b - Call Imp              Summ           #.......     10%         2    None
e - Mephitic Cloud        Conj/Pois/Air  ##......     16%         3    ##.....
s - Conjure Flame         Conj/Fire      ###.....     12%         3    ##.....
v - Blink                 Tloc           N/A          10%         2    None

Your spell library contained the following spells:

 Spells                   Type           Power        Failure   Level  Hunger
 Slow                     Hex            #.......     14%         2    None


Dungeon Overview and Level Annotations

Branches:
Dungeon (4/15)
 Temple: D:4-7

Altars:
Gozag


Message History

There is a stone staircase leading up here.
Casting: Magic Dart (safe; 1% risk of failure)
Confirm with . or Enter, or press ? or * to list all spells.
Aiming: Magic Dart (safe; 1% risk of failure)
Press: ? - help, Shift-Dir - straight line, f - orc
Aim: an orc, wielding a +1 flail of draining The magic dart hits the orc!
You kill the orc!
The hound bites you but does no damage. The hound bites you.
Casting: Magic Dart (safe; 1% risk of failure)
Confirm with . or Enter, or press ? or * to list all spells.
Aiming: Magic Dart (safe; 1% risk of failure)
Press: ? - help, Shift-Dir - straight line, f - hound
Aim: a hound The magic dart hits the hound.
The hound is moderately wounded.
The hound bites you.
* * * LOW HITPOINT WARNING * * *
Casting: Magic Dart (safe; 1% risk of failure)
Confirm with . or Enter, or press ? or * to list all spells.
Aiming: Magic Dart (safe; 1% risk of failure)
Press: ? - help, Shift-Dir - straight line, f/p - hound
Aim: a hound (moderately wounded)
The magic dart hits the hound.
The hound is moderately wounded.
The hound misses you. The hound closely misses you.
Casting: Magic Dart (safe; 1% risk of failure)
Confirm with . or Enter, or press ? or * to list all spells.
Aiming: Magic Dart (safe; 1% risk of failure)
Press: ? - help, Shift-Dir - straight line, f/p - hound
Aim: a hound (moderately wounded)
The magic dart hits the hound.
The hound is moderately wounded.
The hound bites you.
* * * LOW HITPOINT WARNING * * *
Casting: Magic Dart (safe; 1% risk of failure)
Confirm with . or Enter, or press ? or * to list all spells.
Aiming: Magic Dart (safe; 1% risk of failure)
Press: ? - help, Shift-Dir - straight line, f/p - hound
Aim: a hound (moderately wounded)
You miscast Magic Dart.
You are very lightly contaminated with residual magic.
Nothing appears to happen.
The hound closely misses you. The hound barely misses you.
Casting: Magic Dart (safe; 1% risk of failure)
Confirm with . or Enter, or press ? or * to list all spells.
A shadowy apparition takes form in the air.
The hound bites you.
* * * LOW HITPOINT WARNING * * *
The hound bites you.
* * * LOW HITPOINT WARNING * * *
Found a scroll labeled SANNAB PEAKYSA.
Casting: Call Imp (safe; 10% risk of failure)
Confirm with . or Enter, or press ? or * to list all spells.
Aiming: Magic Dart (safe; 1% risk of failure)
Press: ? - help, Shift-Dir - straight line, f/p - hound
Aim: a hound (moderately wounded)
The magic dart hits the hound.
The hound is severely wounded.
The hound bites you.
* * * LOW HITPOINT WARNING * * *
The hound bites you.
You die...

#####.#.#.
#5@?.....#
#h###.###. #o#
##.## #..<#
#...)......
.....(......#
#.######.#.#..
# .. ..


You could see a hound, an orc and a friendly shadow imp.

Vanquished Creatures
  An orc wizard (D:3)
  An orc priest (D:3)
  7 orcs
  A giant cockroach (D:3)
  4 goblins (D:3)
  A hobgoblin (D:3)
  A jackal (D:3)
  4 bats (D:3)
  A frilled lizard (D:3)
  2 rats (D:3)
23 creatures vanquished.

Vanquished Creatures (collateral kills)
  A crimson imp (D:3)
  A worm (D:3)
2 creatures vanquished.

Grand Total: 25 creatures vanquished

Notes
Turn   | Place    | Note
-------+----------+-------------------------------------------
     0 | D:1      | Amnesiac the Deep Elf Wizard began the quest for the Orb.
     0 | D:1      | Reached XP level 1. HP: 10/10 MP: 7/7
   409 | D:3      | Reached XP level 2. HP: 15/15 MP: 7/9
   413 | D:3      | Learned a level 2 spell: Blink
   416 | D:3      | Learned a level 2 spell: Call Imp
   755 | D:3      | Found an opulent altar of Gozag.
   909 | D:4      | Noticed a crimson imp
   922 | D:3      | Reached XP level 3. HP: 14/19 MP: 2/11
  1143 | D:3      | Learned a level 3 spell: Conjure Flame
  1147 | D:3      | Learned a level 3 spell: Mephitic Cloud
  1256 | D:3      | Reached XP level 4. HP: 22/24 MP: 1/12
  1520 | D:4      | Slain by a hound

Levels and vault maps discovered:
D:1:      dpeg_arrival_windows_large_door, layout_rooms
D:2:      layout_basic, chequers_ecumenical_altar_simple, minmay_cupped
D:3:      layout_loops_ring, marbit_many_paths, lemuel_crystal_altar
D:4:      layout_loops_ring, grunt_temple_overflow_order_and_chaos_2,
          kennysheep_mini_moat, makhleb_heckhound_becter

Skill      XL: |  1  2  3 |
---------------+----------+-----
Conjurations   | 2 3 4 |  4.6
Dodging        | |  2.4
Stealth        | |  2.6
Spellcasting   | |  4.6
Summonings     | |  1.1
Translocations | |  1.1

Action                   |  1- 3 |  4- 6 || total
-------------------------+-------+-------++-------
Melee: Short sword       |     4 |     4 ||     8
 Cast: Magic Dart        |    63 |    12 ||    75
       Call Imp          |     2 |     1 ||     3
       Mephitic Cloud    |     1 |       ||     1
  Use: Scroll            |     1 |     1 ||     2
  Eat: Chunk             |     1 |       ||     1
Armor: Robe              |     6 |     1 ||     7
Dodge: Dodged            |    30 |    13 ||    43

Table legend:
 A = Non-vault XP
 B = Vault XP
 C = Vault XP percentage of total XP
 D = Non-vault monster count
 E = Vault monster count
 F = Vault count percentage of total count
                 A         B        C        D         E       F
            +---------+---------+-------+---------+---------+-------
      Total |     143 |       2 |   1.4 |      24 |       1 |   4.0
            +---------+---------+-------+---------+---------+-------
        D:3 |     140 |       2 |   1.4 |      23 |       1 |   4.2
        D:4 |       3 |       0 |   0.0 |       1 |       0 |   0.0
            +---------+---------+-------+---------+---------+-------
